 Dungeon Crawl Stone Soup version 0.17-a0-1093-g0b3cd89 (webtiles) character file.

111542 HEYYEYAAE the Anointer (level 16, -3/113 HPs)
             Began as an Octopode Fighter on May 20, 2015.
             Was an Initiate of Gozag.
             Slain by a shambling mangrove (23 damage)
             ... on level 1 of the Swamp.
             The game lasted 01:13:09 (28029 turns).

HEYYEYAAE the Anointer (Octopode Fighter)          Turns: 28029, Time: 01:13:10

Health: -3/113     AC:  5    Str: 17    XL:     16   Next: 58%
Magic:  0/26       EV: 24    Int: 11    God:    Gozag
Gold:   592        SH: 14    Dex: 25    Spells: 4 memorised, 5 levels left

rFire  + + .     SeeInvis .     o - +4 hand axe (flame)
rCold  + . .     Clarity  .     b - +0 shield
rNeg   + . .     SustAb   .     B - +2 hat
rPois  .         Gourm    .     y - amulet of guardian spirit
rElec  .         Spirit   +     G - +3 ring of dexterity
rCorr  .         Warding  .     n - +5 ring of evasion
rMut   .         Stasis   .     W - ring "Lumil" {*Drain rC+ rN+ MR+ Dex+6}
MR     ++...                    F - ring of magical power
Stlth  +++.......               I - +3 ring of evasion
                                a - ring of protection from fire
                                r - ring of protection from fire
                                k - +2 ring of protection

@: lethally poisoned (-3 -> -8), about to teleport, grasped by roots, very
slightly contaminated, hasted and slowed, very slow, very resistant to hostile
enchantments, fairly stealthy
A: almost no armour, amphibious, 8 rings, constrict 8, camouflage 1, high mp 1,
gelatinous body 1
a: Potion Petition, Call Merchant, Bribe Branch, Renounce Religion


You were on level 1 of the Swamp.
You worshipped Gozag.
Gozag was noncommittal.
You were not hungry.

You visited 7 branches of the dungeon, and saw 28 of its levels.
You also visited: Sewer and Ossuary.

You collected 9509 gold pieces.
You spent 3290 gold pieces at shops.
You paid 5627 gold pieces to Gozag.

Inventory:

Hand weapons
 f - the +8 trident of the Octopus King {venom, rElec rPois MR+}
   (You found it on level 4 of the Dungeon)

   It poisons the flesh of those it strikes.
   It insulates you from electricity.
   It protects you from poison.
   It affects your resistance to hostile enchantments.
 o - a +4 hand axe of flaming (weapon)
 x - a +0 trident of holy wrath
 A - a +8 war axe of venom
Armour
 b - a +0 shield (worn)
 B - a +2 hat (worn)
Jewellery
 a - a ring of protection from fire (on tentacle)
 k - a +2 ring of protection (on tentacle)
 n - a +5 ring of evasion (right tentacle)
 r - a ring of protection from fire (on tentacle)
 y - an amulet of guardian spirit (around mantle)
 F - a ring of magical power (on tentacle)
 G - a +3 ring of dexterity (left tentacle)
 I - a +3 ring of evasion (on tentacle)
 W - the ring "Lumil" (on tentacle) {*Drain rC+ rN+ MR+ Dex+6}
   (You bought it in a shop on level 2 of the Elven Halls)

   [ring of protection from cold]

   It affects your dexterity (+6).
   It protects you from cold.
   It protects you from negative energy.
   It affects your resistance to hostile enchantments.
   It causes draining when unequipped.
Magical devices
 e - a wand of polymorph (12)
 s - a wand of draining (5)
 E - a wand of polymorph (10)
 K - a wand of lightning (4)
 T - a wand of slowing (19)
 Y - a wand of disintegration (11)
Scrolls
 c - a scroll of magic mapping
 g - 3 scrolls of amnesia
 j - a scroll of teleportation
 l - 9 scrolls of remove curse
 m - 4 scrolls of noise
 v - a scroll of holy word
 w - 4 scrolls of fog
 N - a scroll of recharging
 Q - 9 scrolls of immolation
Potions
 h - 2 potions of curing
 i - 6 potions of brilliance
 p - 4 potions of flight
 q - 6 potions of cancellation
 t - 3 potions of cure mutation
 u - a potion of might
 z - 3 potions of agility
 D - a potion of resistance
 S - a potion of magic
 U - 2 potions of ambrosia
Books
 O - a Necronomicon {highlevel, unknown}

   This book is beyond your current level of understanding.

   Spells                             Type                      Level
   a - Haunt                          Necromancy/Summoning         7
   b - Borgnjor's Revivification      Necromancy                   8
   c - Death's Door                   Charms/Necromancy            8
   d - Necromutation                  Transmutation/Necromancy     8
Miscellaneous
 C - a lamp of fire
 J - a crystal ball of energy
 X - a stone of tremors
Comestibles
 d - 3 bread rations
 H - 2 fruits
 L - 2 meat rations


   Skills:
 + Level 11.4 Fighting
 - Level 2.8(6.0) Axes
 - Level 8.4(8.6) Polearms
 + Level 14.2 Dodging
 + Level 14.3 Shields
 + Level 15.7 Charms


You had 5 spell levels left.
You knew the following spells:

 Your Spells              Type           Power        Failure   Level  Hunger
a - Apportation           Tloc           #.........   38%         1    ##.....
b - Summon Butterflies    Summ           #.......     38%         1    ##.....
c - Haste                 Chrm           ####....     12%         6    #######
d - Stoneskin             Trmt/Erth      #.......     61%         2    ###....


Dungeon Overview and Level Annotations

Branches:
Dungeon (11/15)            Temple (1/1) D:5            Lair (7/8) D:9
  Swamp (1/4) Lair:4       Spider (1/4) Lair:6          Orc (4/4) D:10
    Elf (3/3) Orc:4
  Slime: Lair:6-8

Altars:
Ashenzari
Cheibriados
Elyvilon
Fedhas
Gozag
Kikubaaqudgha
Makhleb
Nemelex Xobeh
Qazlal
Sif Muna
Trog
Vehumet
Xom
Zin
The Shining One
Beogh

Shops:
D:7 !   D:9 :   D:12 =   D:13 %   Orc:4 ([*:   Elf:1 (   Elf:2 *=?   Vaults:1 (

Portals:
Bazaar: Elf:3

Annotations:
D:9 inmateoo's ghost, powerful DrGl
Lair:1 Nergalle
Orc:4 Azrael
Elf:2 5 runed doors


Innate Abilities, Weirdness & Mutations

You cannot wear most types of armour.
You are amphibious.
You can wear up to eight rings at the same time.
You can use your tentacles to constrict eight enemies at once.
Your skin changes colour to match your surroundings (Stealth).
Your rubbery body absorbs attacks (AC +1).
You have an increased reservoir of magic (+10% MP).


Message History

Read which item? (? for menu, Esc to quit)
As you read the scroll of teleportation, it crumbles to dust.
You feel strangely unstable.
You feel sick.
The alligator is no longer distracted by gold.
The spriggan rider unwields an uncursed blowgun.
The spriggan rider wields an uncursed spear.
You block the spriggan rider's attack. The swamp worm bites you!
The bog body closely misses you. The bog body touches you.
The bog body freezes you. You resist.
Read which item? (? for menu, Esc to quit)
Okay, then.
You feel sick.
The swamp drake is no longer distracted by gold.
The spriggan rider closely misses you.
The alligator puts on a burst of speed!
The swamp worm misses you.
The spriggan rider hits you from afar with an uncursed spear!!
* * * LOW HITPOINT WARNING * * *
The shambling mangrove hits you!!
You die...
Your body crumbles into a pile of gold.

♣♣≈..≈♣♣ ♣.≈≈.≈≈. t....
♣♣♣♣♣≈♣♣♣....≈≈. ♣.≈≈≈.
♣♣♣≈♣≈≈≈≈≈≈..
♣.≈≈≈.♣♣♣♣♣♣♣≈....≈≈≈≈≈..
♣.§≈≈.....≈..≈≈≈..≈≈≈≈≈..
♣≈≈≈≈≈≈≈≈..(≈≈≈≈...≈≈§≈..
♣.≈≈≈≈≈≈≈≈.≈≈≈≈≈.≈≈§§§§§≈
♣.....≈w≈§≈≈≈≈≈.§§≈§§§.§§
≈.≈..≈≈n@.≈≈≈..≈♣§§§8.§..
.≈≈≈..≈(f.≈≈≈≈..§§≈≈..§§§
.≈≈≈≈Ji≈≈.≈≈≈≈.♣♣♣§≈§§§≈≈
...≈≈t≈≈...≈≈≈.♣♣♣≈§§§§≈≈
...J.....≈♣♣♣...♣♣....≈≈≈
.J.kJ(.≈....♣♣≈.≈..≈≈≈≈≈≈
≈....♣♣♣♣....♣♣♣≈.≈≈≈≈≈≈≈
≈.≈§♣ ≈≈♣...§♣≈.≈≈≈≈≈..
≈.♣♣ ♣♣......≈≈≈≈≈...


You could see a shambling mangrove, 2 alligators, 4 slime creatures, a spriggan
rider, a bog body, a swamp worm and a swamp drake.

Vanquished Creatures
  A deep elf blademaster (Elf:2)
  Kirke (Lair:7)
  2 orc warlords
  A deep elf annihilator (Elf:1)
  A deep elf demonologist (Elf:1)
  An ettin (Orc:3)
  3 crystal guardians (Elf:3)
  7 hydras
  4 death yaks (Lair:7)
  Erica (Lair:1)
  5 dancing weapons (Elf:2)
  An alligator (Swamp:1)
  6 orc high priests
  16 deep elf knights
  10 deep elf summoners
  Pikel (D:6)
  2 hill giants (D:10)
  15 deep elf conjurers
  3 ugly things
  5 orc knights
  3 black mambas
  5 orc sorcerers
  12 elephants
  Maurice (D:8)
  Joseph (D:9)
  13 spiny frogs
  4 torpor snails (Lair:1)
  A demonic crawler (Elf:1)
  9 komodo dragons
  8 deep elf priests
  2 fire drakes (Lair:5)
  Grinder (D:5)
  A two-headed ogre (D:11)
  23 blink frogs
  5 trapdoor spiders
  25 deep elf magi
  2 tarantellas (Spider:1)
  3 fire elementals (Orc:3)
  2 vampire mosquitoes (Lair:4)
  3 steam dragons
  Eustachio (D:5)
  4 redbacks (Elf:1)
  2 basilisks
  57 yaks
  2 hogs (Lair:7)
  2 wargs
  14 wolves
  27 deep elf fighters
  5 hippogriffs
  A hungry ghost (D:10)
  Menkaure (D:4)
  6 insubstantial wisps
  Edmund (D:6)
  5 water moccasins
  A swamp drake (Swamp:1)
  9 porcupines
  7 ice beasts
  45 orc warriors
  3 hell hounds
  2 phantoms
  4 sky beasts
  11 ogres
  A black bear (D:6)
  A wasp (Spider:1)
  13 centaurs
  2 necrophages
  19 giant frogs
  10 big kobolds
  8 crocodiles
  Blork the orc (D:5)
  A water moccasin zombie (D:6)
  3 wights (D:7)
  A scorpion (D:10)
  8 killer bees
  4 jellies
  2 electric eels
  4 crimson imps
  2 centaur zombies
  A giant frog skeleton (D:6)
  2 human zombies (Ossuary)
  36 orc wizards
  A centaur skeleton (D:5)
  34 orc priests
  A quasit (D:7)
  A hell rat (Elf:1)
  5 worker ants
  3 hounds
  2 iguanas
  28 sheep
  2 big kobold zombies (Ossuary)
  6 mummies (Ossuary)
  A hound skeleton (D:5)
  18 adders
  3 gnolls (D:8)
  34 river rats
  A worker ant zombie (D:11)
  2 shadow imps
  8 oozes
  An adder skeleton (D:4)
  2 worms
  4 giant geckos
  170 orcs
  8 ball pythons
  10 bats
  2 bat skeletons
  A bat zombie (D:8)
  7 giant cockroaches
  25 goblins
  22 hobgoblins
  8 jackals
  20 kobolds
  10 quokkas
  A giant gecko skeleton (D:4)
  A giant gecko zombie (D:6)
  5 giant newts
  A goblin zombie (D:8)
  A hobgoblin zombie (Ossuary)
  A kobold zombie (Ossuary)
  An orc zombie (Ossuary)
  A quokka skeleton (D:8)
  A quokka zombie (D:8)
  12 rats
1004 creatures vanquished.

Vanquished Creatures (collateral kills)
  A hydra (Lair:2)
1 creature vanquished.

Vanquished Creatures (others)
  A deep elf knight (Elf:1)
  A komodo dragon (shapeshifter) (Elf:2)
  A bog body (Swamp:1)
  An orc wizard (D:6)
  2 orcs
  A fungus (Lair:2)
7 creatures vanquished.

Grand Total: 1012 creatures vanquished

Notes
Turn   | Place    | Note
--------------------------------------------------------------
     0 | D:1      | HEYYEYAAE the Octopode Fighter began the quest for the Orb.
     0 | D:1      | Reached XP level 1. HP: 16/16 MP: 1/1
    99 | D:1      | Reached XP level 2. HP: 21/21 MP: 2/2
   286 | D:1      | Reached XP level 3. HP: 21/26 MP: 3/3
   636 | D:2      | Reached XP level 4. HP: 26/31 MP: 4/4
   733 | D:3      | Found a stormy altar of Qazlal.
   792 | D:3      | Found a glowing drain.
   810 | Sewer    | Entered a sewer
   827 | Sewer    | Noticed a big kobold
   843 | Sewer    | Reached skill level 4 in Shields
   845 | Sewer    | Killed a big kobold
   845 | Sewer    | Reached XP level 5. HP: 10/37 MP: 5/5
  1114 | Sewer    | Noticed a big kobold
  1125 | Sewer    | Killed a big kobold
  1125 | Sewer    | Reached XP level 6. HP: 32/43 MP: 6/6
  1134 | Sewer    | Noticed a big kobold
  1147 | Sewer    | Killed a big kobold
  1185 | Sewer    | Noticed a big kobold
  1193 | Sewer    | Killed a big kobold
  1193 | Sewer    | Reached skill level 5 in Dodging
  1193 | Sewer    | Reached skill level 5 in Shields
  1205 | Sewer    | Noticed a big kobold
  1220 | Sewer    | Killed a big kobold
  1220 | Sewer    | Reached XP level 7. HP: 20/49 MP: 7/7
  1820 | D:3      | You fall through a shaft for 2 floors!
  1820 | D:5      | Entered Level 5 of the Dungeon
  1926 | D:5      | Reached skill level 6 in Dodging
  1945 | D:5      | Noticed Grinder
  1958 | D:5      | Killed Grinder
  1958 | D:5      | Reached skill level 5 in Fighting
  1958 | D:5      | Reached XP level 8. HP: 22/55 MP: 8/8
  2021 | D:5      | Found a blossoming altar of Fedhas.
  2282 | D:5      | Found a staircase to the Ecumenical Temple.
  2291 | Temple   | Entered the Ecumenical Temple
  2295 | Temple   | Became a worshipper of Gozag Ym Sagoz the Greedy
  2338 | D:6      | Noticed Pikel
  2650 | D:5      | Noticed Blork the orc
  2657 | D:5      | Killed Blork the orc
  2680 | D:5      | Reached skill level 7 in Dodging
  3306 | D:5      | Noticed Eustachio
  3347 | D:5      | Killed Eustachio
  3832 | D:5      | Reached XP level 9. HP: 50/62 MP: 9/9
  3838 | D:5      | Found a bloodstained altar of Trog.
  4048 | D:4      | Noticed Menkaure
  4131 | D:4      | Killed Menkaure
  4817 | D:6      | Killed Pikel
  4817 | D:6      | Reached skill level 1 in Polearms
  4817 | D:6      | Reached skill level 8 in Dodging
  5158 | D:6      | Found a shimmering altar of Xom.
  5253 | D:6      | Noticed Edmund
  5259 | D:6      | Killed Edmund
  5634 | D:7      | Found a shattered altar of Ashenzari.
  5754 | D:7      | Reached skill level 9 in Dodging
  5754 | D:7      | Reached XP level 10. HP: 64/69 MP: 10/10
  5801 | D:7      | Found an ancient bone altar of Kikubaaqudgha.
  5828 | D:7      | Found a deep blue altar of Sif Muna.
  5829 | D:7      | Found a burning altar of Makhleb.
  5944 | D:7      | Found Saptaps's Distillery.
  5958 | D:7      | Bought a potion of might for 52 gold pieces
  6395 | D:8      | Learned a level 1 spell: Apportation
  6397 | D:8      | Learned a level 1 spell: Summon Butterflies
  6621 | D:8      | Found a sand-covered staircase.
  6629 | Ossuary  | Entered an ossuary
  7004 | D:8      | Noticed a brown ugly thing
  7012 | D:8      | Killed a brown ugly thing
  7253 | D:8      | Noticed Maurice
  7260 | D:8      | Killed Maurice
  7368 | D:9      | Found a snail-covered altar of Cheibriados.
  7386 | D:9      | Noticed Joseph
  7393 | D:9      | Killed Joseph
  7393 | D:9      | Reached skill level 10 in Dodging
  7407 | D:9      | Found Duhuclew's Book Emporium.
  7410 | D:9      | Bought a book of Enchantments for 800 gold pieces
  7417 | D:9      | Learned a level 6 spell: Haste
  7501 | D:9      | Reached skill level 10 in Shields
  7527 | D:9      | Reached skill level 1 in Charms
  7562 | D:9      | Reached XP level 11. HP: 57/76 MP: 11/11
  7619 | D:9      | Found a sparkling altar of Nemelex Xobeh.
  7674 | D:9      | Found a staircase to the Lair.
  8069 | D:9      | Found a white marble altar of Elyvilon.
  8069 | D:9      | Found a glowing silver altar of Zin.
  8071 | D:9      | Found a glowing golden altar of the Shining One.
  8125 | D:9      | Noticed inmateoo's ghost (powerful DrGl)
  8160 | D:10     | Entered Level 10 of the Dungeon
  8428 | D:10     | Found a staircase to the Orcish Mines.
  8457 | Orc:1    | Entered Level 1 of the Orcish Mines
  9336 | Orc:3    | Noticed an orc warlord
  9365 | Orc:3    | Killed an orc warlord
  9365 | Orc:3    | Reached skill level 5 in Polearms
  9630 | Orc:3    | Noticed an orc knight
  9655 | Orc:3    | Killed an orc knight
  9694 | Orc:3    | Reached skill level 11 in Dodging
 10199 | Orc:3    | Noticed an orc knight
 10218 | Orc:3    | Killed an orc knight
 10368 | Orc:3    | Found a roughly hewn altar of Beogh.
 10445 | Orc:3    | Noticed an ettin
 10478 | Orc:3    | Killed an ettin
 10617 | Orc:3    | Noticed an orc high priest
 10622 | Orc:3    | Noticed an ice devil
 10837 | Orc:4    | Entered Level 4 of the Orcish Mines
 10837 | Orc:4    | Found a staircase to the Elven Halls.
 11180 | Orc:3    | Reached XP level 12. HP: 52/84 MP: 12/12
 11399 | Orc:3    | Killed an orc high priest
 11759 | Orc:4    | Noticed Azrael
 13090 | Orc:4    | Noticed an orc high priest
 13091 | Orc:4    | Noticed an orc high priest
 13098 | Orc:4    | Noticed an orc warlord
 13108 | Orc:4    | Noticed an orc knight
 13108 | Orc:4    | Noticed an orc knight
 13340 | Orc:4    | Killed an orc knight
 13389 | Orc:4    | Noticed an orc knight
 13581 | Orc:4    | Killed an orc knight
 13595 | Orc:4    | Killed an orc high priest
 13595 | Orc:4    | Reached skill level 5 in Charms
 13647 | Orc:4    | Killed an orc warlord
 13647 | Orc:4    | Reached skill level 12 in Shields
 13699 | Orc:4    | Killed an orc high priest
 13702 | Orc:4    | Noticed an orc high priest
 13714 | Orc:4    | Killed an orc high priest
 13890 | Orc:4    | Reached XP level 13. HP: 50/90 MP: 13/13
 13897 | Orc:4    | Killed an orc knight
 13904 | Orc:4    | Noticed an orc high priest
 13913 | Orc:4    | Killed an orc high priest
 13947 | Orc:4    | Found Osiocos's General Store.
 13955 | Orc:4    | Found Pouh Quinocw's Book Emporium.
 13957 | Orc:4    | Found Epan's Antique Armour Emporium.
 13957 | Orc:4    | Found Xemat's Antique Weapon Shoppe.
 13972 | Orc:4    | Bought 2 potions of haste for 220 gold pieces
 13972 | Orc:4    | Bought a bread ration for 55 gold pieces
 13972 | Orc:4    | Bought a scroll of identify for 22 gold pieces
 13972 | Orc:4    | Bought a scroll of identify for 22 gold pieces
 13972 | Orc:4    | Bought a scroll of identify for 22 gold pieces
 14397 | D:10     | Noticed a hill giant
 14399 | D:10     | Noticed a hill giant
 14844 | D:10     | Killed a hill giant
 15018 | D:10     | Killed a hill giant
 16247 | Lair:1   | Entered Level 1 of the Lair of Beasts
 16312 | Lair:1   | Reached skill level 13 in Shields
 16335 | Lair:1   | Found a snail-covered altar of Cheibriados.
 16389 | Lair:1   | Noticed Erica
 16399 | Lair:1   | Killed Erica
 16399 | Lair:1   | Reached skill level 10 in Fighting
 16417 | Lair:1   | Noticed Nergalle
 18072 | Lair:2   | Gained mutation: You have an increased reservoir of magic (+10% MP). [potion of beneficial mutation]
 18375 | Lair:3   | Reached XP level 14. HP: 73/99 MP: 15/15
 20031 | Lair:4   | Found a sparkling altar of Nemelex Xobeh.
 20251 | Lair:5   | Reached skill level 10 in Charms
 21621 | Lair:6   | Found a hole to the Spider Nest.
 21672 | Spider:1 | Entered Level 1 of the Spider Nest
 21703 | Spider:1 | Learned a level 2 spell: Stoneskin
 22364 | Lair:7   | Noticed Kirke
 22381 | Lair:7   | Killed Kirke
 22381 | Lair:7   | Reached XP level 15. HP: 70/104 MP: 16/16
 23369 | Lair:4   | Found a staircase to the Swamp.
 23387 | Swamp:1  | Entered Level 1 of the Swamp
 23934 | Elf:1    | Entered Level 1 of the Elven Halls
 23972 | Elf:1    | Found a radiant altar of Vehumet.
 24527 | Elf:1    | Reached skill level 14 in Charms
 25194 | Elf:1    | Identified the Handbook of Conjuration
 25275 | Elf:1    | Reached skill level 15 in Charms
 25528 | Elf:1    | Found Arphaota's Weapon Boutique.
 25581 | Elf:1    | Bought a +1 war axe of venom for 201 gold pieces
 25928 | Elf:2    | Found Koamalus's Assorted Antiques.
 25968 | Elf:2    | Bought a scroll of fear for 122 gold pieces
 25968 | Elf:2    | Bought a gold wand for 140 gold pieces
 25968 | Elf:2    | Bought a scroll of enchant weapon for 262 gold pieces
 25996 | Elf:2    | Found Arogech's Jewellery Shoppe.
 26040 | Elf:2    | Bought the ring "Lumil" {*Drain rC+ rN+ MR+ Dex+6} for 585 gold pieces
 26048 | Elf:2    | Bought a +2 ring of protection for 120 gold pieces
 26048 | Elf:2    | Bought an uncursed amulet of guardian spirit for 360 gold pieces
 26048 | Elf:2    | Bought a +3 ring of evasion for 252 gold pieces
 26074 | Elf:2    | Found Feluz's Magic Scroll Shoppe.
 26085 | Elf:2    | Bought a scroll of identify for 22 gold pieces
 26085 | Elf:2    | Bought a scroll of teleportation for 33 gold pieces
 26204 | Elf:2    | Found a huge runed gate.
 26204 | Elf:2    | Found a huge runed gate.
 26204 | Elf:2    | Found a huge runed gate.
 26204 | Elf:2    | Found a huge runed gate.
 26208 | Elf:2    | Found a huge runed gate.
 26217 | Elf:2    | Reached XP level 16. HP: 111/111 MP: 17/17
 26315 | Elf:2    | Noticed a deep elf blademaster
 26336 | Elf:2    | Killed a deep elf blademaster
 26750 | Elf:3    | Entered Level 3 of the Elven Halls
 26868 | Elf:3    | Found a flickering gateway to a bazaar.
 27067 | Elf:3    | Noticed a deep elf master archer
 28029 | Swamp:1  | Slain by a shambling mangrove

Vault maps used:
D:1:      dpeg_arrival_erosion
D:2:      minmay_surrounded
D:3:      old_standard_altar, portal_sewer_entry_b
D:4:      minmay_statues_item, kennysheep_generic_room_6, uniq_menkaure
D:5:      lemuel_round_altar, lemuel_coloured_pillars_altar, temple_pool_b,
          first_bread, uniq_eustachio, uniq_blork_the_orc, uniq_grinder
D:6:      old_standard_altar, uniq_edmund, uniq_pikel
D:7:      lemuel_round_altar, grunt_temple_overflow_open, serial_shops, shop
D:8:      enter_ossuary_4, uniq_maurice
D:9:      good_gods_mini_temple, nemelex_deck, overflow_temple_1_default,
          lair_0_dummy, serial_glass, glass_columns_a, glass_columns_b,
          glass_columns_b, glass_columns_a, glass_columns_a, glass_columns_b,
          uniq_joseph, uniq_gastronok
D:10:     orc_0_dummy
D:11:     hangedman_ranch
Temple:   nicolae_temple_hex_pool
Lair:1:   kennysheep_snail_temple, uniq_erica, uniq_nergalle
Lair:2:   infiniplex_staircase_pool_2
Lair:4:   minmay_swamp_entry_swarm, basic_altar
Lair:5:   grunt_megastairs_2, serial_bayou_shore_a, lemuel_fruit_fields
Lair:6:   spider_nest_entry_webs
Lair:7:   serial_bayou_pond_d, uniq_kirke
Swamp:1:  evilmike_swamp_ruin_house_1, statue_in_the_mist_lemuel
Spider:1: uniq_frances
Orc:3:    orc_temple, nicolae_orc_pool_cavern
Orc:4:    st_orc_congregation, uniq_azrael
Elf:1:    eino_elf_arrival_altar, serial_shops, shop, minmay_elf_annihilation
Elf:2:    serial_shops, shop, nicolae_shop_trees, shop
Elf:3:    minmay_elf_hall_golems, serial_shops, freezing_bzr, spider_trap
Sewer:    sewer_co_tree
Ossuary:  ossuary_crypta

Action                   |  1- 3 |  4- 6 |  7- 9 | 10-12 | 13-15 | 16-18 || total
-------------------------+-------+-------+-------+-------+-------+-------++-------
Melee: War axe           |    65 |     2 |       |       |       |    63 ||   130
       Short sword       |       |    78 |   214 |       |       |       ||   292
       Trident           |       |       |   111 |   921 |  1522 |   163 ||  2717
       Hand axe          |       |       |       |       |       |    27 ||    27
 Cast: Haste             |       |       |       |       |       |     2 ||     2
Invok: Call Merchant     |       |       |       |     2 |     2 |       ||     4
       Potion Petition   |       |       |       |     3 |     3 |       ||     6
Evoke: Wand              |       |       |       |    13 |    24 |     3 ||    40
       Stone of tremors  |       |       |       |     1 |     1 |       ||     2
  Use: Potion            |       |       |     2 |    16 |    10 |     4 ||    32
       Scroll            |       |       |    10 |    13 |    25 |    14 ||    62
 Stab: Sleeping          |     4 |     2 |    11 |    13 |    34 |       ||    64
       Distracted        |       |       |     1 |    10 |    19 |     2 ||    32
       Invisible         |       |       |       |     8 |       |       ||     8
  Eat: Chunk             |       |       |     3 |       |       |       ||     3
       Beef jerky        |       |       |     3 |     1 |     2 |       ||     6
       Pizza             |       |       |     1 |       |     7 |       ||     8
       Meat ration       |       |       |     1 |     2 |     1 |     1 ||     5
       Fruit             |       |       |     1 |     1 |    14 |     5 ||    21
       Bread ration      |       |       |       |     4 |     2 |       ||     6
       Royal jelly       |       |       |       |       |     1 |       ||     1
